 Dungeon Crawl Stone Soup version 0.29-a0-319-gad05b8d819 (webtiles) character file.

Game seed: 9135914365486953015

20 Dabor the Insei (level 2, 0/21 HPs)
             Began as a Demonspawn Transmuter on Apr 2, 2022.
             Slain by a quokka (1 damage)
             ... on level 2 of the Dungeon.
             The game lasted 00:01:30 (925 turns).

Dabor the Insei (Demonspawn Transmuter)              Turns: 925, Time: 00:01:31

Health: 0/21       AC:  3    Str: 10    XL:     2   Next: 58%
Magic:  5/5        EV: 12    Int: 14    God:
Gold:   36         SH:  0    Dex: 13    Spells: 4/5 levels left

rFire   . . .      SeeInvis .     - Unarmed
rCold   . . .      Faith    .   (no shield)
rNeg    . . .      Spirit   .   a - +0 robe
rPois   .          Reflect  .   (no helmet)
rElec   .          Harm     .   (no cloak)
rCorr   .          Rampage  .   d - +0 pair of gloves
Will    .....                   (no boots)
Stlth   +.........              (no amulet)
HPRegen 0.07/turn               (no ring)
MPRegen 0.09/turn               (no ring)

@: mighty, lethally poisoned (0 -> -2), about to teleport
A: ignite blood 1
a: no special abilities


You were on level 2 of the Dungeon.
You visited 1 branch of the dungeon, and saw 2 of its levels.

You collected 36 gold pieces.

Inventory:

Armour
 a - a +0 robe (worn)
 d - a +0 pair of gloves (worn)
Scrolls
 c - a scroll of holy word {unknown}
 e - a scroll of identify {unknown}
Potions
 b - a potion of lignification


   Skills:
 + Level 1.4 Fighting
 + Level 2.0 Dodging
 + Level 2.9 Unarmed Combat
 + Level 2.2 Spellcasting
 + Level 2.0 Transmutations


You had 4 spell levels left.
You knew the following spells:

 Your Spells              Type           Power      Damage    Failure   Level
a - Beastly Appendage     Tmut           14%        N/A       10%         1

Your spell library contained the following spells:

 Spells                   Type           Power      Damage    Failure   Level
 Wereblood                Tmut           7%         N/A       16%         2
 Spider Form              Tmut/Pois      4%         N/A       41%         3
 Ice Form                 Ice/Tmut       4%         N/A       83%         4


Dungeon Overview and Level Annotations

Branches:
Dungeon (2/15)

Altars:

Shops:
D:1 ?


Innate Abilities, Weirdness & Mutations

Your demonic aura sometimes causes spilled blood to erupt in flames.


Message History

An adder comes into view.
The adder hisses angrily.
The orc barely misses you.
You barely miss the orc.
Your transformation is almost over.
The orc hits you but does no damage.
You hit the orc.
The orc is lightly wounded.
The orc hits you but does no damage. The hobgoblin attacks as you move away!
The hobgoblin barely misses you. The orc attacks as you move away!
The orc barely misses you.
A quokka comes into view.
The adder barely misses you. The adder attacks as you move away!
The adder barely misses you. The quokka barely misses you.
The adder closely misses you.
You barely miss the quokka.
You headbutt the quokka, but do no damage.
Your punch misses the quokka. The quokka bites you.
The adder closely misses you. The quokka bites you.
You hit the quokka. You claw the quokka.
The quokka is heavily wounded.
The adder bites you.
You are poisoned.
The adder poisons you! The quokka closely misses you.
You hit the quokka but do no damage. Your kick misses the quokka.
The quokka is moderately wounded.
You feel sick. The adder closely misses you. The hobgoblin closely misses you.
The quokka twitches its whiskers.
The quokka misses you. The adder closely misses you.
It was a potion of might.
You feel very mighty all of a sudden.
Your horns disappear.
Your talons disappear.
You feel sick. The quokka barely misses you. The hobgoblin hits you.
* * * LOW HITPOINT WARNING * * *
The adder closely misses you.
As you read the scroll labelled AGOZID DIDAE, it crumbles to dust.
You feel strangely unstable.
It was a scroll of teleportation.
* * * LOW HITPOINT WARNING * * *
You feel sick. The quokka bites you.
You die...

#......# #.#.#^. #
#.....# ##.##
#.#.#.# ..#.#
##.....#
####...###......###.
...................8
#..rg#.#.........
#.#@So.........8
#.#.#.....####
#..........#
#####.......#
##..#.#$# ##.....#
.#.#.# .....


You could see an adder, an orc, a quokka and a hobgoblin.

Vanquished Creatures
  2 endoplasms
  A giant cockroach (D:1)
  2 goblins (D:1)
  3 hobgoblins (D:1)
  2 jackals (D:1)
  A quokka (D:1)
  2 ball pythons (D:1)
  2 bats (D:1)
  2 kobolds (D:1)
17 creatures vanquished.

Notes
Turn   | Place    | Note
-------+----------+-------------------------------------------
     0 | D:1      | Dabor the Demonspawn Transmuter began the quest for the
                  | Orb.
     0 | D:1      | Reached XP level 1. HP: 15/15 MP: 3/3
   386 | D:1      | Gained mutation: Your demonic aura sometimes causes spilled
                  | blood to erupt in flames. [demonic ancestry]
   386 | D:1      | Reached XP level 2. HP: 21/21 MP: 3/5
   735 | D:1      | Found Zist's Magic Scroll Shop.
   908 | D:1      | You fall into a shaft and drop 1 floor!
   925 | D:2      | HP: 1/21 [poisoned by an adder]
   925 | D:2      | Slain by a quokka

Illustrated notes

Levels and vault maps discovered:
D:1:      matt_arrival_diagonals, layout_loops_ring, serial_shops,
          nicolae_shop_advertising_works [nicolae_subvault_shop_adworks],
          hangedman_decor_peaks_small
D:2:      layout_loops_cross, serial_glass, glass_columns_a, glass_columns_a,
          glass_columns_b, glass_columns_a, serial_shops,
          nicolae_shop_temple_entry_statues_fountains, basic_altar

Skill      XL: |  1  2 |
---------------+-------+-----
Transmutations | 2 |  2.0
Dodging        | 2 |  2.0
Fighting       | |  1.4
Unarmed Combat | |  2.9
Spellcasting   | |  2.2

Action                   || total
-------------------------++-------
Melee: Unarmed           ||    68
       Kick              ||     6
       Headbutt          ||     3
 Cast: Beastly Appendage ||     9
  Use: Scroll            ||     1
       Potion            ||     1
 Stab: Sleeping          ||     1
Armor: Robe              ||    12
Dodge: Dodged            ||    57

Table legend: (Time is in decaauts)
 A = Elapsed time spent in this place.
 B = Non-inter-level travel time spent in this place.
 C = Inter-level travel time spent in this place.
 D = Time resting spent in this place.
 E = Time spent auto-exploring this place.
 F = Levels seen in this place.
 G = Mean time per level.
                   A        B        C        D        E       F      G
               +--------+--------+--------+--------+--------+-----+--------+
         Total |    921 |    898 |     23 |      0 |    741 |   2 |  460.5 |
       Dungeon |    921 |    898 |     23 |      0 |    741 |   2 |  460.5 |
               +--------+--------+--------+--------+--------+-----+--------+

Top non-repeatable levels by time:
     D:1: 904 daAuts
     D:2: 16 daAuts
